 Dungeon Crawl Stone Soup version 0.31-a0-271-gb88eb75e06 (webtiles) character file.

Game seed: 855954473005846167

39 senseless the Changeling (level 3, -2/28 HPs)
             Began as a Demonspawn Shapeshifter on July 14, 2023.
             Slain by a gnoll
             ... wielding a +0 club
              (3 damage)
             ... on level 3 of the Dungeon.
             The game lasted 00:02:14 (1010 turns).

senseless the Changeling (Demonspawn Shapeshifter)  Turns: 1010, Time: 00:02:15

Health: -2/28      AC:  2    Str: 17    XL:     3   Next: 26%
Magic:  3/3        EV: 12    Int:  9    God:
Gold:   218        SH:  0    Dex: 13    Spells: 2/2 levels left

rFire   . .          .
                       - Unarmed
rCold   . . .        (no shield)
rNeg    . . .        a - +0 animal skin
rPois   .            (helmet currently unavailable)
rElec   .            (cloak currently unavailable)
rCorr   .            (gloves currently unavailable)
SInv    +            (boots currently unavailable)
Will    .....        n - amulet of the acrobat
Stlth   +            m - ring of see invisible
HPRegen 0.24/turn    (no ring)
MPRegen 0.08/turn

%: acrobat
@: beast-form
A: beast (slay +2), spiny 1
a: Begin Untransformation


You were on level 3 of the Dungeon.
You were a hulking beast.
You visited 1 branch of the dungeon, and saw 3 of its levels.

You collected 218 gold pieces.

Inventory:

Armour
 a - a +0 animal skin (worn)
 g - a scarf of invisibility
 k - a +0 pair of gloves
 l - a +0 pair of boots
Jewellery
 m - a ring of see invisible (left hand)
 n - an amulet of the acrobat (around neck)
Talismans
 c - a beast talisman
Wands
 o - a wand of flame (24)
Scrolls
 d - a scroll of enchant armour {unknown}
 e - a scroll of teleportation {unknown}
 f - 3 scrolls of identify {unknown}
 h - a scroll of enchant weapon {unknown}
 i - a scroll of noise {unknown}
 q - a scroll of vulnerability {unknown}
Potions
 b - 2 potions of lignification
 j - a potion of curing {unknown}
 p - a potion of haste {unknown}


   Skills:
 + Level 2.5 Fighting
 + Level 2.2 Dodging
 + Level 2.2 Unarmed Combat
 + Level 2.9 Shapeshifting


You had 2 spell levels left.
You didn't know any spells.
Your spell library contained the following spells:

 Spells                   Type           Power      Damage    Failure   Level
 Portal Projectile        Hex/Tloc       0%         N/A       77%         3
 Tukima's Dance           Hex            0%         N/A       77%         3
 Iskenderun's Mystic Bla  Conj/Tloc      0%         2d3       99%         4


Dungeon Overview and Level Annotations

Branches:
Dungeon (3/15)

Altars:

Shops:
D:1 (


Innate Abilities, Weirdness & Mutations

You are a hulking beast.
Your limbs bulge with bestial killing power. (Slay +2)
You are partially covered in sharp spines.


Message History

Increase (S)trength, (I)ntelligence, or (D)exterity?
You feel stronger. x2
Things that are here:
a +0 dagger; a kobold corpse
Found a flail.
A gnoll comes into view.
It is wielding a +0 club. 2 gnolls come into view.
The gnoll shouts!
The gnoll completely misses you.
You barely miss the gnoll. The gnoll closely misses you.
You hit the gnoll.
The gnoll is heavily wounded.
A gnoll comes into view. It is wielding a +0 flail.
The gnoll is struck by your spines. The gnoll barely misses you.
The gnoll shouts!
You hit the gnoll but do no damage.
The gnoll is heavily wounded.
The gnoll hits you from afar with a +0 spear!
The gnoll completely misses you. The gnoll closely misses you.
You hit the gnoll.
The gnoll is severely wounded.
The gnoll barely misses you. The gnoll is struck by your spines.
The gnoll closely misses you. The gnoll is struck by your spines.
The gnoll hits you with a +0 club.
You barely miss the gnoll.
The gnoll is almost dead.
The gnoll closely misses you. The gnoll is struck by your spines.
The gnoll closely misses you. The gnoll is struck by your spines.
You kill the gnoll!
You hit the gnoll.
The gnoll is heavily wounded.
The gnoll hits you from afar with a +0 spear.
The gnoll completely misses you.
You hit the gnoll but do no damage.
The gnoll is heavily wounded.
The gnoll hits you from afar with a +0 spear.
The gnoll hits you with a +0 flail!
* * * LOW HITPOINT WARNING * * *
The gnoll is struck by your spines. The gnoll hits you with a +0 club.
You die...

#.# #†# .# #.#### #.##
#....# ... #####.#####
..# #.........# ..###
##.###.###.# g...#
####...##.###.###g...###
+.............).hg......
####.....[###.####...###
##.#.#####.# .)...
#.........# .##.
###.####### # #.# #.#
#.# #.#


You could see 3 gnolls.

Vanquished Creatures
  A gnoll (D:3)
  3 endoplasms
  2 giant cockroaches (D:2)
  3 goblins (D:1)
  2 hobgoblins (D:1)
  4 kobolds
  2 quokkas (D:2)
  3 ball pythons (D:1)
  3 bats
  2 frilled lizards (D:3)
25 creatures vanquished.

Notes
Turn   | Place    | Note
-------+----------+-------------------------------------------
     0 | D:1      | senseless the Demonspawn Shapeshifter began the quest for
                  | the Orb.
     0 | D:1      | Reached XP level 1. HP: 16/16 MP: 1/1
   174 | D:1      | Found Xeuddiwk's Antique Weapon Boutique.
   291 | D:1      | Gained mutation: You are partially covered in sharp spines.
                  | [demonic ancestry]
   291 | D:1      | Reached XP level 2. HP: 22/22 MP: 2/2
  1000 | D:3      | Reached XP level 3. HP: 28/28 MP: 3/3
  1010 | D:3      | HP: 1/28 [gnoll/+0 flail (8)]
  1010 | D:3      | Slain by a gnoll

Illustrated notes

Levels and vault maps discovered:
D:1:      lightli_arrival_statuegarden, layout_rooms, serial_shops,
          nicolae_shop_hallway_plus, chequers_avenue, minmay_misc_feat_diagonals
D:2:      layout_rooms
D:3:      layout_loops_corners, mainiacjoe_overflow_alcove_4, uniq_terence

Skill      XL: |  1 |
---------------+----+-----
Dodging        | 2 |  2.2
Unarmed Combat | 2 |  2.2
Fighting       | |  2.5
Shapeshifting  | |  2.9

Action                     || total
---------------------------++-------
  Melee: Unarmed           ||    56
         Punch             ||     1
 Armour: Animal skin       ||     8
  Dodge: Dodged            ||    45

Table legend: (Time is in decaauts)
 A = Elapsed time spent in this place.
 B = Non-inter-level travel time spent in this place.
 C = Inter-level travel time spent in this place.
 D = Time resting spent in this place.
 E = Time spent auto-exploring this place.
 F = Levels seen in this place.
 G = Mean time per level.
                   A        B        C        D        E       F      G
               +--------+--------+--------+--------+--------+-----+--------+
         Total |   1007 |    977 |     30 |      0 |    809 |   3 |  335.7 |
       Dungeon |   1007 |    977 |     30 |      0 |    809 |   3 |  335.7 |
               +--------+--------+--------+--------+--------+-----+--------+

Top non-repeatable levels by time:
     D:1: 577 daAuts
     D:2: 369 daAuts
     D:3: 60 daAuts
